 Dungeon Crawl Stone Soup version 0.29.1-2-gbd0b4ee654 (webtiles) character file.

Game seed: 5773352211216121990

4 hawla the Blocker (level 1, 0/13 HPs)
             Began as a Gnoll Wanderer on Nov 20, 2022.
             Slain by a hobgoblin (1 damage)
             ... on level 1 of the Dungeon.
             The game lasted 00:00:16 (32 turns).

hawla the Blocker (Gnoll Wanderer)                    Turns: 32, Time: 00:00:17

Health: 0/13       AC:  6    Str:  9    XL:     1   Next: 60%
Magic:  1/1        EV: 12    Int:  8    God:
Gold:   0          SH:  6    Dex: 16    Spells: 0/0 levels left

rFire   . . .      SeeInvis .   a - +0 short sword
rCold   . . .      Faith    .   b - +0 buckler {AC+3}
rNeg    . . .      Spirit   .   e - +0 leather armour
rPois   .          Reflect  .   (no helmet)
rElec   .          Harm     .   (no cloak)
rCorr   .          Rampage  .   (no gloves)
Will    .....                   (no boots)
Stlth   ++........              (no amulet)
HPRegen 0.04/turn               (no ring)
MPRegen 0.07/turn               (no ring)

@: no status effects
A: fangs 1, strong nose, distributed training
a: no special abilities


You were on level 1 of the Dungeon.
You visited 1 branch of the dungeon, and saw 1 of its levels.

Inventory:

Hand Weapons
 a - a +0 short sword (weapon)
Armour
 b - a +0 buckler of protection (worn)
 e - a +0 leather armour (worn)
Wands
 c - a wand of flame (3) (quivered)
Potions
 d - a potion of lignification


   Skills:
 + Level 0.1 Fighting
 + Level 2.4 Short Blades
 + Level 0.1 Long Blades
 + Level 0.1 Axes
 + Level 0.1 Maces & Flails
 + Level 0.1 Polearms
 + Level 0.1 Staves
 + Level 0.1 Ranged Weapons
 + Level 0.1 Throwing
 + Level 4.4 Armour
 + Level 2.4 Dodging
 + Level 2.2 Stealth
 + Level 8.4 Shields
 + Level 0.1 Unarmed Combat
 + Level 0.1 Spellcasting
 + Level 0.1 Conjurations
 + Level 0.1 Hexes
 + Level 0.1 Summonings
 + Level 0.1 Necromancy
 + Level 0.1 Translocations
 + Level 0.1 Transmutations
 + Level 0.1 Fire Magic
 + Level 0.1 Ice Magic
 + Level 0.1 Air Magic
 + Level 0.1 Earth Magic
 + Level 0.1 Poison Magic
 + Level 0.2 Invocations
 + Level 2.4 Evocations


You couldn't memorise any spells.
You didn't know any spells.
Your spell library was empty.

Dungeon Overview and Level Annotations

Branches:
Dungeon (1/15)

Altars:


Innate Abilities, Weirdness & Mutations

You have very sharp teeth.
Your uncanny sense of smell can sniff out nearby items.
Your experience applies equally to all skills.


Message History

A hobgoblin, a frilled lizard, a ball python and a goblin come into view.
Found 5 stones.
You don't know any spells.
Sorry, you're not good enough to have a special ability.
A quokka comes into view.
The hobgoblin shouts!
The goblin shouts!
You block the goblin's attack.
You hear a shout!
You hit the goblin.
You kill the goblin!
The ball python misses you. You block the ball python's attack.
The frilled lizard hisses.
You hit the ball python.
You kill the ball python!
A hobgoblin comes into view.
You hit the hobgoblin. Your bite misses the hobgoblin.
The hobgoblin is heavily wounded.
The hobgoblin misses you.
You hit the hobgoblin.
You kill the hobgoblin!
The frilled lizard bites you.
You barely miss the frilled lizard. Your bite misses the frilled lizard.
The frilled lizard barely misses you.
You miss the quokka. You bite the quokka, but do no damage.
The quokka closely misses you. The frilled lizard bites you.
You hit the quokka but do no damage. Your bite misses the quokka.
The quokka bites you.
The frilled lizard completely misses you.
You hit the quokka but do no damage. The quokka closely misses you.
The hobgoblin hits you but does no damage.
The frilled lizard barely misses you. The quokka bites you.
You are too injured to fight recklessly!
You are too injured to fight recklessly!
You are too injured to fight recklessly!
The quokka attacks as you move away! The quokka bites you.
* * * LOW HITPOINT WARNING * * *
The frilled lizard bites you but does no damage.
The hobgoblin misses you. The hobgoblin attacks as you move away!
The hobgoblin hits you.
You die...

####.### #.# #D#..#D#
##.#####.####
##...##*#.#D#
###....####.###
......##*#.#^#
#....####.###
##.#####l..##X#...#^#
.......@g..######.###
.#.######.## #d#.#~
.......)# ### ###
...####.# #.# ∆ ∆ #.#
#.# #.( ∆ ###


You could see a hobgoblin and a frilled lizard.

Vanquished Creatures
  A ball python (D:1)
  A goblin (D:1)
  A hobgoblin (D:1)
3 creatures vanquished.

Notes
Turn   | Place    | Note
-------+----------+-------------------------------------------
     0 | D:1      | hawla the Gnoll Wanderer began the quest for the Orb.
     0 | D:1      | hawla set off with the following items: a +0 short sword, a
                  | +0 buckler of protection, a wand of flame (3), a potion of
                  | lignification, a +0 leather armour.
     0 | D:1      | Reached XP level 1. HP: 13/13 MP: 1/1
     1 | D:1      | Noticed an ice dragon
     3 | D:1      | Noticed an ice dragon
     7 | D:1      | Noticed a large abomination
     9 | D:1      | Noticed an orb of fire
    11 | D:1      | Noticed a shadow dragon
    13 | D:1      | Noticed a shadow dragon
    13 | D:1      | Noticed a shadow dragon
    15 | D:1      | Noticed an orb of fire
    15 | D:1      | Noticed an ice dragon
    15 | D:1      | Noticed a black draconian
    17 | D:1      | Noticed an orb of fire
    19 | D:1      | Noticed a tentacled monstrosity
    32 | D:1      | Slain by a hobgoblin

Illustrated notes

Levels and vault maps discovered:
D:1:      shiori_arrival_whats_in_store_for_you, layout_loops_ring,
          serial_shops, shop, corexii_corridor_pit, grunt_decor_junction,
          st_stairs_6

Action                   || total
-------------------------++-------
Melee: Short sword       ||     8
       Bite              ||     1
Armor: Leather armour    ||     2
Dodge: Dodged            ||     8
Block: Buckler           ||     2
